cohdb
Replays
Latest Replays
All Replays
Popular Replays
Top Player Replays
Match Explorer
How It Works
Community
CoH3 Stats
Reddit
Sign in to upload your games and track your stats! →
Sign in with Steam
Match 38041287
Unlisted
Match 38041287
Overview
Messages
Build Orders
End
Vickers Machine Gun Team
Royal Engineer Section
Construct Section Command Post
Infantry Section
Infantry Section
Infantry Section
Infantry Section
Construct Platoon Command Post
AI Takeover
dr.nibras
Touffic
feercy
Sergeant Shark
Yanto
Thrusher
matthias-sto
Narobit
0
0
Comments
sign in to comment!
No comments posted yet!